TOP OF THE 1ST |
New Orleans Looters batting - Pitching for Kansas City Kings : RHP Luis Vargas
|
Pitching: RHP Luis Vargas
|
|
Batting: RHB Rubén Vázquez
|
0-0: Called Strike 0-1: Ball 1-1: Ball 2-1: Ball 3-1: Swinging Strike 3-2: Strikes out swinging
|
Batting: RHB Dave O'Loan
|
0-0: Called Strike 0-1: Ground out 5-3 (Groundball, 5)
|
Batting: LHB Taylor Smith
|
0-0: Called Strike 0-1: Called Strike 0-2: Ball 1-2: Ball 2-2: Ground out 4-3 (Groundball, 4)
|
Top of the 1st over - 0 runs, 0 hits, 0 errors, 0 left on base; New Orleans 0 - Kansas City 0 |
BOTTOM OF THE 1ST |
Kansas City Kings batting - Pitching for New Orleans Looters : RHP Brad Rowland
|
Pitching: RHP Brad Rowland
|
|
Batting: LHB Brian Easdale
|
0-0: Foul Ball, location: 2F 0-1: SINGLE (Line Drive, 6M)
|
Batting: RHB Chris Chandler
|
0-0: Foul Ball, location: 2F 0-1: Foul Ball, location: 2F 0-2: Ball 1-2: Ball 2-2: Ball 3-2: Foul Ball, location: 2F 3-2: SINGLE (Groundball, 56D) Brian Easdale to second
|
Batting: RHB Rafael Carreón
|
0-0: Ball 1-0: Ball 2-0: Ball 3-0: Called Strike 3-1: Swinging Strike 3-2: Fly out, F7 (Flyball, 7)
|
Batting: SHB Douglas Taylor
|
0-0: Called Strike Brian Easdale is caught stealing 3rd base 0-1: Swinging Strike 0-2: Ball 1-2: Strikes out looking
|
Bottom of the 1st over - 0 runs, 2 hits, 0 errors, 1 left on base; New Orleans 0 - Kansas City 0 |
TOP OF THE 2ND |
New Orleans Looters batting - Pitching for Kansas City Kings : RHP Luis Vargas
|
Batting: LHB John Hudson
|
0-0: Ball 1-0: Ball 2-0: Fly out, F5 (Line Drive, 56)
|
Batting: SHB Oliver Deleón
|
0-0: Called Strike 0-1: Ball 1-1: Hit by Pitch
|
Batting: RHB Ramón Hernández
|
0-0: Fly out, F9 (Line Drive, 89XD)
|
Batting: RHB Tim Gardner
|
0-0: SINGLE (Groundball, 6MD) Oliver Deleón to second
|
Batting: RHB Kolomon Meise
|
0-0: Foul Ball, location: 2F 0-1: Fly out, F4 (Line Drive, 4MD)
|
Top of the 2nd over - 0 runs, 1 hit, 0 errors, 2 left on base; New Orleans 0 - Kansas City 0 |
BOTTOM OF THE 2ND |
Kansas City Kings batting - Pitching for New Orleans Looters : RHP Brad Rowland
|
Batting: RHB Toshimichi Kono
|
0-0: Ball 1-0: Foul Ball, location: 2F 1-1: Foul Ball, location: 2F 1-2: Foul Ball, location: 2F 1-2: DOUBLE (Flyball, 78D)
|
Batting: RHB Dave Parker
|
0-0: Called Strike 0-1: Foul Ball, location: 2F 0-2: Ball 1-2: Strikes out swinging
|
Batting: LHB Ron Crawford
|
0-0: Called Strike 0-1: Called Strike 0-2: Ball 1-2: Ball 2-2: Ball 3-2: Strikes out swinging
|
Batting: LHB Luis González
|
0-0: Ball 1-0: Ball 2-0: Ball 3-0: Base on Balls
|
Batting: RHB Eduardo García
|
0-0: Foul Ball, location: 2F 0-1: Ball 1-1: Swinging Strike 1-2: Foul Ball, location: 2F 1-2: Fielders Choice at 2nd, 5-4 (Groundball, 5)
|
Bottom of the 2nd over - 0 runs, 1 hit, 0 errors, 2 left on base; New Orleans 0 - Kansas City 0 |
TOP OF THE 3RD |
New Orleans Looters batting - Pitching for Kansas City Kings : RHP Luis Vargas
|
Batting: RHB Run-ming Zhu
|
0-0: Reached on error, E6 (Groundball, 6MD)
|
Batting: RHB Rubén Vázquez
|
0-0: Ball 1-0: Ball 2-0: Foul Ball, location: 2F 2-1: Grounds into double play, 5-4-3 (Groundball, 56)
|
Batting: RHB Dave O'Loan
|
0-0: Ball 1-0: Called Strike 1-1: Fly out, F5 (Popup, 5SF)
|
Top of the 3rd over - 0 runs, 0 hits, 1 error, 0 left on base; New Orleans 0 - Kansas City 0 |
BOTTOM OF THE 3RD |
Kansas City Kings batting - Pitching for New Orleans Looters : RHP Brad Rowland
|
Batting: LHB Brian Easdale
|
0-0: Ground out 3-1 (Groundball, 34)
|
Batting: RHB Chris Chandler
|
0-0: Ball 1-0: Swinging Strike 1-1: Ball 2-1: Swinging Strike 2-2: Foul Ball, location: 2F 2-2: Ball 3-2: Base on Balls
|
Batting: RHB Rafael Carreón
|
0-0: Ball 1-0: Ball 2-0: Called Strike 2-1: Ball 3-1: 2-RUN HOME RUN (Flyball, 7LD), Distance : 353 ft
|
Batting: SHB Douglas Taylor
|
0-0: Ball 1-0: Ball 2-0: Foul Ball, location: 2F 2-1: Ball 3-1: Ground out 3-1 (Groundball, 34S)
|
Batting: RHB Toshimichi Kono
|
0-0: Ball 1-0: Foul Ball, location: 2F 1-1: Ball 2-1: Ball 3-1: Called Strike 3-2: Fly out, F2 (Popup, 23F)
|
Bottom of the 3rd over - 2 runs, 1 hit, 0 errors, 0 left on base; New Orleans 0 - Kansas City 2 |
TOP OF THE 4TH |
New Orleans Looters batting - Pitching for Kansas City Kings : RHP Luis Vargas
|
Batting: LHB Taylor Smith
|
0-0: Ball 1-0: Called Strike 1-1: Foul Ball, location: 2F 1-2: Ground out 1-3 (Groundball, 13)
|
Batting: LHB John Hudson
|
0-0: Ball 1-0: Ball 2-0: Ball 3-0: Called Strike 3-1: SINGLE (Groundball, 6) (infield hit)
|
Batting: SHB Oliver Deleón
|
0-0: Called Strike 0-1: Grounds into double play, 4-6-3 (Groundball, 4)
|
Top of the 4th over - 0 runs, 1 hit, 0 errors, 0 left on base; New Orleans 0 - Kansas City 2 |
BOTTOM OF THE 4TH |
Kansas City Kings batting - Pitching for New Orleans Looters : RHP Brad Rowland
|
Batting: RHB Dave Parker
|
0-0: Ball 1-0: Ball 2-0: Bunt missed! 2-1: Foul Ball, location: 2F 2-2: Strikes out swinging
|
Batting: LHB Ron Crawford
|
0-0: Foul Ball, location: 2F 0-1: Ground out 3-1 (Groundball, 34)
|
Batting: LHB Luis González
|
0-0: Ground out 6-3 (Groundball, 6)
|
Bottom of the 4th over - 0 runs, 0 hits, 0 errors, 0 left on base; New Orleans 0 - Kansas City 2 |
TOP OF THE 5TH |
New Orleans Looters batting - Pitching for Kansas City Kings : RHP Luis Vargas
|
Batting: RHB Ramón Hernández
|
0-0: SINGLE (Line Drive, 4)
|
Batting: RHB Tim Gardner
|
0-0: Called Strike Ramón Hernández steals 2nd base 0-1: Foul Ball, location: 2F 0-2: SINGLE (Line Drive, 9S) Ramón Hernández to third
|
Batting: RHB Kolomon Meise
|
0-0: Ground out 3-1 (Groundball, 34S) Ramón Hernández scores Tim Gardner to second
|
Batting: RHB Run-ming Zhu
|
0-0: Called Strike 0-1: Ball 1-1: Foul Ball, location: 2F 1-2: Ball 2-2: Foul Ball, location: 2F 2-2: Ball 3-2: Fly out, F6 (Popup, P)
|
Batting: RHB Rubén Vázquez
|
0-0: Called Strike 0-1: Swinging Strike 0-2: Foul Ball, location: 2F 0-2: Ball 1-2: Fly out, F5 (Line Drive, 56D)
|
Top of the 5th over - 1 run, 2 hits, 0 errors, 1 left on base; New Orleans 1 - Kansas City 2 |
BOTTOM OF THE 5TH |
Kansas City Kings batting - Pitching for New Orleans Looters : RHP Brad Rowland
|
Batting: RHB Eduardo García
|
0-0: Ball 1-0: Ball 2-0: Ball 3-0: Called Strike 3-1: Called Strike 3-2: SINGLE (Flyball, 89S)
|
Pitching: RHP Jason MacKnight
|
|
Batting: LHB Brian Easdale
|
0-0: Ball 1-0: Ball 2-0: Called Strike 2-1: Ball 3-1: Swinging Strike 3-2: Foul Ball, location: 2F 3-2: SINGLE (Groundball, 4) (infield hit) Eduardo García to second
|
Batting: RHB Chris Chandler
|
0-0: Ball 1-0: Ball 2-0: Foul Ball, location: 2F 2-1: Swinging Strike 2-2: Ball 3-2: Foul Ball, location: 2F 3-2: Ground out 6-3 (Groundball, 6S) Eduardo García to third Brian Easdale to second
|
Batting: RHB Rafael Carreón
|
0-0: Ball 1-0: Ground out 3-1 (Groundball, 34) Eduardo García scores Brian Easdale to third
|
Batting: SHB Douglas Taylor
|
0-0: Swinging Strike 0-1: Called Strike 0-2: Strikes out swinging
|
Bottom of the 5th over - 1 run, 2 hits, 0 errors, 1 left on base; New Orleans 1 - Kansas City 3 |
TOP OF THE 6TH |
New Orleans Looters batting - Pitching for Kansas City Kings : RHP Luis Vargas
|
Batting: RHB Dave O'Loan
|
0-0: Ball 1-0: Ball 2-0: Called Strike 2-1: Foul Ball, location: 2F 2-2: Foul Ball, location: 2F 2-2: Foul Ball, location: 2F 2-2: Foul Ball, location: 2F 2-2: Ground out 6-3 (Groundball, 6)
|
Batting: LHB Taylor Smith
|
0-0: Fly out, F6 (Line Drive, 6)
|
Batting: LHB John Hudson
|
0-0: Swinging Strike 0-1: Foul Ball, location: 2F 0-2: Ball 1-2: Ball 2-2: Ball 3-2: Foul Ball, location: 2F 3-2: Foul Ball, location: 2F 3-2: SINGLE (Line Drive, 6MD)
|
Batting: SHB Oliver Deleón
|
0-0: Fielders Choice at 2nd, 6-4 (Groundball, 56)
|
Top of the 6th over - 0 runs, 1 hit, 0 errors, 1 left on base; New Orleans 1 - Kansas City 3 |
BOTTOM OF THE 6TH |
Kansas City Kings batting - Pitching for New Orleans Looters : RHP Jason MacKnight
|
Batting: RHB Toshimichi Kono
|
0-0: Called Strike 0-1: SINGLE (Groundball, 6MD)
|
Batting: RHB Dave Parker
|
0-0: Called Strike 0-1: Foul Ball, location: 2F 0-2: Foul Ball, location: 2F 0-2: SINGLE (Groundball, 34D) Toshimichi Kono to second Runner from 2nd tries for 3rd, SAFE, no throw
|
Batting: LHB Ron Crawford
|
0-0: Ball 1-0: Ball 2-0: Ball 3-0: Called Strike 3-1: Called Strike 3-2: Strikes out swinging Dave Parker steals 2nd base Batter strikes out.
|
Batting: LHB Luis González
|
0-0: SINGLE (Flyball, 89S) Toshimichi Kono scores Dave Parker to third Runner from 3rd tries for Home, SAFE, no throw
|
Pitching: RHP Mike Pierce
|
|
Batting: RHB Eduardo García
|
0-0: Ball 1-0: Foul Ball, location: 2F 1-1: Ball 2-1: Foul Ball, location: 2F 2-2: Ball 3-2: Foul Ball, location: 2F 3-2: Base on Balls Luis González to second
|
Batting: LHB Brian Easdale
|
0-0: Ball 1-0: Called Strike Luis González steals 3rd base Eduardo García to second 1-1: Ball 2-1: Ball 3-1: Foul Ball, location: 2F 3-2: SINGLE (Flyball, 7LM) Luis González scores Eduardo García to third Runner from 3rd tries for Home, SAFE, no throw
|
Batting: RHB Chris Chandler
|
0-0: Ball 1-0: Ball 2-0: Called Strike 2-1: Ball 3-1: Fly out, F8 (Line Drive, 8LD)
|
Batting: RHB Rafael Carreón
|
0-0: Ball 1-0: Foul Ball, location: 2F 1-1: Ball 2-1: SINGLE (Flyball, 8RS) Brian Easdale to second Runner from 2nd tries for 3rd, SAFE, no throw
|
Batting: SHB Douglas Taylor
|
0-0: Swinging Strike 0-1: Ball 1-1: Foul Ball, location: 2F 1-2: Foul Ball, location: 2F 1-2: SINGLE (Flyball, 6D) Brian Easdale scores Rafael Carreón to second
|
Batting: RHB Toshimichi Kono
|
0-0: Ball 1-0: Ground out 5-3 (Groundball, 56S)
|
Bottom of the 6th over - 5 runs, 6 hits, 0 errors, 2 left on base; New Orleans 1 - Kansas City 8 |
TOP OF THE 7TH |
New Orleans Looters batting - Pitching for Kansas City Kings : RHP Luis Vargas
|
Batting: RHB Ramón Hernández
|
0-0: Swinging Strike 0-1: Hit by Pitch
|
Batting: RHB Tim Gardner
|
0-0: Called Strike 0-1: Foul Ball, location: 2F 0-2: Fly out, F9 (Flyball, 89M)
|
Batting: RHB Kolomon Meise
|
0-0: Called Strike 0-1: Swinging Strike 0-2: Ball 1-2: Foul Ball, location: 2F 1-2: Fly out, F7 (Flyball, 7LM)
|
Batting: RHB Run-ming Zhu
|
0-0: Ball 1-0: Ball 2-0: Ball 3-0: Called Strike 3-1: Foul Ball, location: 2F 3-2: DOUBLE (Flyball, 8LXD) Ramón Hernández to third Ramón Hernández scores
|
Batting: RHB Rubén Vázquez
|
0-0: Called Strike 0-1: Called Strike 0-2: Ball 1-2: Strikes out looking
|
Top of the 7th over - 1 run, 1 hit, 0 errors, 1 left on base; New Orleans 2 - Kansas City 8 |
BOTTOM OF THE 7TH |
Kansas City Kings batting - Pitching for New Orleans Looters : RHP Mike Pierce
|
Batting: RHB Dave Parker
|
0-0: Called Strike 0-1: Ground out 4-3 (Groundball, 4)
|
Batting: LHB Ron Crawford
|
0-0: Called Strike 0-1: SINGLE (Flyball, 9LS)
|
Batting: LHB Luis González
|
0-0: Called Strike 0-1: Ball 1-1: Ball 2-1: Ball 3-1: Base on Balls Ron Crawford to second
|
Batting: RHB Eduardo García
|
0-0: Called Strike Ron Crawford steals 3rd base Luis González to second 0-1: Ground out 4-3 (Groundball, 4MS) Ron Crawford scores Luis González to third
|
Batting: LHB Brian Easdale
|
0-0: Foul Ball, location: 2F 0-1: SINGLE (Flyball, 9S) Luis González scores
|
Batting: RHB Chris Chandler
|
0-0: Ball 1-0: Fielders Choice at 2nd, 6-4 (Groundball, 6)
|
Bottom of the 7th over - 2 runs, 2 hits, 0 errors, 1 left on base; New Orleans 2 - Kansas City 10 |
TOP OF THE 8TH |
New Orleans Looters batting - Pitching for Kansas City Kings : RHP Luis Vargas
|
Batting: RHB Dave O'Loan
|
0-0: Fly out, F8 (Flyball, 8LM)
|
Batting: LHB Taylor Smith
|
0-0: Ball 1-0: Ball 2-0: Foul Ball, location: 2F 2-1: Called Strike 2-2: SINGLE (Line Drive, 8RS)
|
Pitching: LHP Keith Swanson
|
|
Batting: LHB John Hudson
|
0-0: Called Strike 0-1: Foul Ball, location: 2F 0-2: Ball 1-2: Strikes out swinging
|
Batting: SHB Oliver Deleón
|
0-0: Fielders Choice at 2nd, 6-4 (Groundball, 6)
|
Top of the 8th over - 0 runs, 1 hit, 0 errors, 1 left on base; New Orleans 2 - Kansas City 10 |
BOTTOM OF THE 8TH |
Kansas City Kings batting - Pitching for New Orleans Looters : RHP Mike Pierce
|
Batting: RHB Rafael Carreón
|
0-0: Ball 1-0: Ball 2-0: Ball 3-0: Called Strike 3-1: Base on Balls
|
Batting: SHB Douglas Taylor
|
0-0: Ground out 4-3 (Groundball, 4M) Rafael Carreón to second
|
Batting: RHB Toshimichi Kono
|
0-0: Ball 1-0: Ball 2-0: Ball 3-0: Fly out, F8 (Flyball, 78D)
|
Batting: RHB Dave Parker
|
0-0: Called Strike 0-1: Called Strike 0-2: Strikes out swinging
|
Bottom of the 8th over - 0 runs, 0 hits, 0 errors, 1 left on base; New Orleans 2 - Kansas City 10 |
TOP OF THE 9TH |
New Orleans Looters batting - Pitching for Kansas City Kings : LHP Keith Swanson
|
Batting: RHB Ramón Hernández
|
0-0: Called Strike 0-1: Foul Ball, location: 2F 0-2: Strikes out swinging
|
Batting: RHB Tim Gardner
|
0-0: Called Strike 0-1: SOLO HOME RUN (Line Drive, 7D), Distance : 370 ft
|
Batting: RHB Kolomon Meise
|
0-0: Ball 1-0: Called Strike 1-1: Called Strike 1-2: Fly out, F5 (Popup, 5SF)
|
Batting: RHB Run-ming Zhu
|
0-0: SINGLE (Line Drive, 8LS)
|
Batting: RHB Rubén Vázquez
|
0-0: Ball 1-0: Ball 2-0: Called Strike 2-1: Foul Ball, location: 2F 2-2: SINGLE (Line Drive, 78S) Run-ming Zhu to second
|
Batting: RHB Dave O'Loan
|
0-0: Ball 1-0: Foul Ball, location: 2F 1-1: Foul Ball, location: 2F 1-2: SINGLE (Groundball, 56D) Run-ming Zhu to third Rubén Vázquez to second
|
Batting: LHB Taylor Smith
|
0-0: Ball 1-0: Ball 2-0: Ball 3-0: Called Strike 3-1: Fielders Choice at 2nd, 5-4 (Groundball, 5L)
|
Top of the 9th over - 1 run, 4 hits, 0 errors, 3 left on base; New Orleans 3 - Kansas City 10 |
|